 Dungeon Crawl Stone Soup version 0.22.1-2-g9c5b331383 (webtiles) character file.

42 Knorr the Grave Robber (level 3, 0/24 HPs)
             Began as a Human Necromancer on Dec 29, 2018.
             Succumbed to an adder's poison
             ... in a sewer.
             The game lasted 00:16:22 (1937 turns).

Knorr the Grave Robber (Human Necromancer)          Turns: 1937, Time: 00:16:22

Health: 0/24       AC:  3    Str:  8    XL:     3   Next: 77%
Magic:  5/6        EV: 12    Int: 16    God:
Gold:   45         SH:  0    Dex: 16    Spells: 4/6 levels left

rFire    . . .     SeeInvis .   b - +0 mace
rCold    . . .     Gourm    .   (no shield)
rNeg     . . .     Faith    .   d - +0 leather armour
rPois    .         Spirit   .   (no helmet)
rElec    .         Reflect  .   (no cloak)
rCorr    .         Harm     .   (no gloves)
MR       .....                  (no boots)
Stlth    ++........             (no amulet)
HPRegen  0.08/turn              e - +3 ring of dexterity
MPRegen  0.10/turn              (no ring)

@: lethally poisoned (0 -> -4)
A: no striking features
a: no special abilities


You were in a sewer.
You were not hungry.

You visited 1 branch of the dungeon, and saw 3 of its levels.
You also visited: Sewer.

You collected 45 gold pieces.

Inventory:

Hand Weapons
 b - a +0 mace (weapon)
Armour
 a - a +0 robe
 d - a +0 leather armour (worn)
Jewellery
 e - a +3 ring of dexterity (left hand)
Comestibles
 c - a ration


   Skills:
 + Level 0.1 Maces & Flails
 + Level 0.1 Armour
 + Level 2.2 Dodging
 + Level 2.2 Stealth
 + Level 0.1 Unarmed Combat
 + Level 2.4 Spellcasting
 + Level 4.6 Necromancy


You had 4 spell levels left.
You knew the following spells:

 Your Spells              Type           Power        Failure   Level  Hunger
a - Pain                  Necr           ###.         4%          1    #......
b - Animate Skeleton      Necr           N/A          4%          1    #......

Your spell library contained the following spells:

 Spells                   Type           Power        Failure   Level  Hunger
 Vampiric Draining        Necr           ###.......   13%         3    ###....
 Regeneration             Chrm/Necr      #.........   34%         3    ###....
 Animate Dead             Necr           N/A          41%         4    #####..


Dungeon Overview and Level Annotations

Branches:
Dungeon (3/15)

Altars:

Annotations:
D:3 3 runed doors, bananovenc's ghost, amateur GrFi; urm's ghost, weakling CeAM


Message History

There is a lethal amount of poison in your body!
There is a lethal amount of poison in your body!
You swap places.
A leopard gecko comes into view.
You swap places.
* * * LOW HITPOINT WARNING * * *
You feel sick.
There is an empty arch of ancient stone here.
You swap places.
You swap places.
There is an empty arch of ancient stone here.
You swap places.
* * * LOW HITPOINT WARNING * * *
You feel sick.
You swap places.
The leopard gecko hisses menacingly.
The leopard gecko bites your frilled lizard skeleton.
There is an empty arch of ancient stone here.
You swap places.
You die...

#≈≈≈#
#≈≈≈#
#.≈≈#
#.≈≈#
#≈≈≈#
...
#≈#
#l#
#@#
#Z#
#.#
#∩#
#.#
###


You could see a leopard gecko and a friendly frilled lizard skeleton.

Vanquished Creatures
  An adder (Sewer)
  A ball python (D:3)
  3 bats
  7 giant cockroaches
  3 goblins
  A hobgoblin (D:2)
  2 frilled lizards
  A kobold (D:2)
  10 rats
29 creatures vanquished.

Vanquished Creatures (collateral kills)
  A bat (D:2)
  A giant cockroach (D:3)
  A hobgoblin (D:1)
  A frilled lizard (Sewer)
  A rat (D:2)
5 creatures vanquished.

Vanquished Creatures (others)
  A withered plant (D:3)
1 creature vanquished.

Grand Total: 35 creatures vanquished

Notes
Turn   | Place    | Note
-------+----------+-------------------------------------------
     0 | D:1      | Knorr the Human Necromancer began the quest for the Orb.
     0 | D:1      | Reached XP level 1. HP: 13/13 MP: 3/3
   177 | D:1      | Learned a level 1 spell: Animate Skeleton
  1103 | D:1      | Reached XP level 2. HP: 17/19 MP: 1/5
  1608 | D:3      | Reached XP level 3. HP: 20/24 MP: 1/6
  1662 | D:3      | Found a runed gate.
  1662 | D:3      | Found a runed gate.
  1662 | D:3      | Found a runed gate.
  1662 | D:3      | Noticed urm's ghost (weakling CeAM)
  1663 | D:3      | Noticed bananovenc's ghost (amateur GrFi)
  1690 | D:3      | Found a glowing drain.
  1810 | Sewer    | Entered a sewer
  1935 | Sewer    | HP: 1/24 [poisoned by an adder]
  1937 | Sewer    | Succumbed to an adder's poison

Action                   || total
-------------------------++-------
Melee: Unarmed           ||    10
       Mace              ||    32
 Cast: Pain              ||    35
       Animate Skeleton  ||    11
  Use: Potion            ||     3
  Eat: Ration            ||     1
       Chunk             ||     1
Armor: Robe              ||     4
       Leather armour    ||    17
Dodge: Dodged            ||    59
